 Dungeon Crawl Stone Soup version 0.19.0-9-gfd783f2 (webtiles) character file.

7089 thirtiethelement the Grappler (level 11, -20/81 HPs)
             Began as an Octopode Wanderer on Nov 7, 2016.
             Killed from afar by a fire dragon (39 damage)
             ... with a blast of flame
             ... on level 10 of the Dungeon.
             The game lasted 00:58:51 (8511 turns).

thirtiethelement the Grappler (Octopode Wanderer)   Turns: 8511, Time: 00:59:02

Health: -20/81     AC:  5    Str: 19    XL:     11   Next: 9%
Magic:  24/24      EV: 21    Int: 14    God:    Xom [..*...]
Gold:   771        SH:  0    Dex: 12    Spells: 2 memorised, 14 levels left

rFire  . . .     SeeInvis .       - Unarmed
rCold  + + .     Gourm    .     (no shield)
rNeg   . . .     Faith    .     J - +1 hat {MR+}
rPois  +         Spirit   .     p - amulet of regeneration
rElec  .         Reflect  .     k - +5 ring of evasion
rCorr  .         Harm     .     q - ring of magical power
MR     ++...                    x - ring of protection from cold
Stlth  ++++++....               y - ring "Yriyruth" {rPois MR+ Str+6 Int-2}
                                (no ring)
                                (no ring)
                                (no ring)
                                (no ring)

@: no status effects
A: almost no armour, stealthy swim, amphibious, 8 rings, constrict 8, iridescent
scales 1, camouflage 2, cold resistance 1, robust 1, shaggy fur 1, gelatinous
body 1
a: Renounce Religion


You were on level 10 of the Dungeon.
You worshipped Xom.
You were a toy of Xom.
You were not hungry.

You visited 2 branches of the dungeon, and saw 11 of its levels.

You collected 771 gold pieces.

Inventory:

Hand Weapons
 j - a +0 triple crossbow
Missiles
 n - 4 tomahawks of returning (quivered)
Armour
 J - a +1 hat of magic resistance (worn)
Magical Staves
 K - an uncursed staff of cold
Jewellery
 k - a +5 ring of evasion (left tentacle)
 o - an uncursed amulet of rage
 p - an amulet of regeneration (around mantle)
 q - a ring of magical power (right tentacle)
 x - a ring of protection from cold (on tentacle)
 y - the ring "Yriyruth" (on tentacle) {rPois MR+ Str+6 Int-2}
   (You found it on level 7 of the Dungeon)

   [ring of protection from magic]

   It affects your strength (+6).
   It affects your intelligence (-2).
   It protects you from poison.
   It affects your resistance to hostile enchantments.
 E - an uncursed amulet of faith
 I - a cursed amulet of inaccuracy {unknown}
Wands
 a - a wand of enslavement (22/24)
 l - a wand of lightning (5/15)
 u - a wand of flame (28/48)
 H - a wand of lightning (9/15)
Scrolls
 c - 5 scrolls of teleportation
 d - 3 scrolls of amnesia
 w - 5 scrolls of remove curse
 B - a scroll of identify
 G - 2 scrolls of magic mapping
 L - a scroll of fog
Potions
 e - a potion of berserk rage
 f - 3 potions of might
 g - 5 potions of flight
 h - 4 potions of curing
 i - 2 potions of brilliance
 C - a potion of cancellation
 F - 3 potions of agility
Books
 b - the Tome of Weightlessness

   Spells                             Type                      Level
   a - Shock                          Conjuration/Air              1
   b - Static Discharge               Conjuration/Air              3
 m - a book of Cantrips

   Spells                             Type                      Level
   a - Confusing Touch                Hexes                        1
   b - Animate Skeleton               Necromancy                   1
   c - Summon Small Mammal            Summoning                    1
   d - Apportation                    Translocation                1
 v - a book of Minor Magic

   Spells                             Type                      Level
   a - Magic Dart                     Conjuration                  1
   b - Blink                          Translocation                2
   c - Call Imp                       Summoning                    2
   d - Repel Missiles                 Charms/Air                   2
   e - Slow                           Hexes                        2
   f - Conjure Flame                  Conjuration/Fire             3
   g - Mephitic Cloud                 Conjuration/Poison/Air       3
Comestibles
 r - 2 meat rations
 s - 3 slices of pizza
 t - 3 beef jerkies
 z - 2 bread rations
 A - a royal jelly
 D - 3 fruits


   Skills:
 * Level 6.8 Fighting
 + Level 0.2 Throwing
 * Level 6.6 Dodging
 * Level 10.5 Stealth
 * Level 11.5 Unarmed Combat
 - Level 3.0 Spellcasting
 + Level 0.8 Conjurations
   Level 1.0 Charms
   Level 1.0 Translocations
 + Level 0.8 Air Magic
 - Level 2.1 Evocations


You had 14 spell levels left.
You knew the following spells:

 Your Spells              Type           Power        Failure   Level  Hunger
a - Shock                 Conj/Air       #...         17%         1    #......
b - Animate Skeleton      Necr           N/A          24%         1    #......


Dungeon Overview and Level Annotations

Branches:
Dungeon (10/15)            Temple (1/1) D:4            Lair (0/6) D:9
    Orc: D:9-12

Altars:
Ashenzari
Cheibriados
Dithmenos
Elyvilon
Fedhas
Gozag
Hepliaklqana
Kikubaaqudgha
Makhleb
Nemelex Xobeh
Okawaru
Qazlal
Ru
Sif Muna
Trog
Uskayaw
Vehumet
Xom
Yredelemnul
Zin
The Shining One


Innate Abilities, Weirdness & Mutations

You cannot wear most types of armour.
You are very stealthy in the water. (Stealth+)
You are amphibious.
You can wear up to eight rings at the same time.
You can use your tentacles to constrict eight enemies at once.
Your skin blends seamlessly with your surroundings (Stealth++).
Your rubbery body absorbs attacks. (AC +1, EV +1)
You are partially covered in iridescent scales. (AC +2)
Your flesh is cold resistant. (rC+)
You are robust. (+10% HP)
You are covered in fur. (AC +1)


Message History

You tentacle-slap something. You squeeze something.
Really walk into that cloud of seething chaos?
You bludgeon something! You tentacle-slap something.
Something shouts, "Slither home, thou fobbing wibble-sucking slime mould!"
The crimson imp is engulfed in seething chaos.
The crimson imp is moving more slowly.
Something hits you!
You barely miss something.
There are monsters nearby!
You batter something!!
The white imp is engulfed in seething chaos.
Something hits you!!!
* * * LOW HITPOINT WARNING * * *
The quasit is engulfed in seething chaos.
The quasit is engulfed in seething chaos.
The quasit flickers and vanishes!
A fire dragon appears out of thin air!
Reactivating autopickup.
The fire dragon breathes flames at you. The blast of flame hits you!
You die...
Xom cackles wildly!

#.........# #.....#
#.........####.....#
#.........#5.'.)..>#
#.........55##5....#
#.........####.{...#
#.........# #..§..#
#.........# #..D..#
##'######## #..§..#
#..# ###@### ##.####
#..# #.....# ###'#####
#.....# #.......#
##.....# #.......#
...(...# #.......#
.#.....########.......#
.#...........##.(.....#
##.....#####..'.......#


You could see a fire dragon and a white imp.

Vanquished Creatures
  Gastronok (D:8)
  A centaur warrior (D:8)
  A hill giant (D:8)
  Pikel (D:6)
  3 trolls (D:9)
  Prince Ribbit (D:6)
  A water moccasin (D:7)
  An orc warrior (D:6)
  An ice beast (D:9)
  A black bear (D:6)
  A phantom (D:8)
  4 ogres
  4 centaurs
  2 big kobolds
  A bullfrog (D:8)
  2 scorpions (D:4)
  A howler monkey (D:4)
  3 wights (D:8)
  5 crimson imps
  A bullfrog zombie (D:8)
  5 hounds
  4 orc priests
  A quasit (D:7)
  2 bullfrog skeletons
  A centaur skeleton (D:4)
  5 iguanas
  Natasha (thrice) (D:2)
  6 orc wizards
  9 worker ants
  2 hell rats (D:5)
  13 adders
  6 river rats (D:5)
  3 shadow imps
  An adder skeleton (D:4)
  An adder zombie (D:9)
  A worm (D:3)
  A dart slug (D:3)
  4 leopard geckos
  25 orcs
  A ball python (D:1)
  4 giant cockroaches
  3 goblins
  7 hobgoblins
  15 jackals
  A quokka (D:8)
  7 bats
  5 frilled lizards
  A jackal skeleton (D:5)
  20 kobolds
  A quokka skeleton (D:8)
  31 rats
225 creatures vanquished.

Vanquished Creatures (collateral kills)
  An orc warrior (D:6)
  An orc wizard (D:8)
  A worker ant (D:8)
  An adder skeleton (D:7)
  An orc (D:8)
5 creatures vanquished.

Vanquished Creatures (others)
  A slave (D:6)
  2 orc priests (D:6)
  4 orcs (D:6)
7 creatures vanquished.

Grand Total: 237 creatures vanquished

Notes
Turn   | Place    | Note
-------+----------+-------------------------------------------
     0 | D:1      | thirtiethelement the Octopode Wanderer began the quest for the Orb.
     0 | D:1      | thirtiethelement set off with: a wand of enslavement (15/24), the Tome of Weightlessness, a scroll of teleportation, a +0 dagger, a bread ration
     0 | D:1      | Reached XP level 1. HP: 16/16 MP: 4/4
     2 | D:1      | Learned a level 1 spell: Shock
   210 | D:1      | Reached XP level 2. HP: 13/21 MP: 6/6
   214 | D:1      | Reached skill level 1 in Unarmed Combat
   683 | D:1      | Learned a level 1 spell: Shock
   804 | D:2      | Reached skill level 1 in Stealth
   811 | D:2      | Noticed Natasha
   822 | D:2      | Killed Natasha
   822 | D:2      | Reached XP level 3. HP: 11/26 MP: 7/7
   861 | D:2      | Found a stormy altar of Qazlal.
  1072 | D:2      | Reached skill level 2 in Unarmed Combat
  1072 | D:2      | Reached XP level 4. HP: 23/32 MP: 8/8
  1234 | D:2      | Noticed Natasha
  1242 | D:2      | Killed Natasha
  1242 | D:2      | Reached skill level 1 in Dodging
  1291 | D:2      | Noticed Natasha
  1297 | D:2      | Killed Natasha
  1332 | D:2      | Reached XP level 5. HP: 13/37 MP: 9/9
  1760 | D:3      | Reached skill level 3 in Unarmed Combat
  2473 | D:3      | Learned a level 1 spell: Animate Skeleton
  2579 | D:4      | Reached XP level 6. HP: 27/43 MP: 2/10
  3001 | D:4      | Reached skill level 4 in Unarmed Combat
  3140 | D:4      | Reached XP level 7. HP: 48/48 MP: 11/11
  3186 | D:4      | Found a staircase to the Ecumenical Temple.
  3644 | Temple   | Entered the Ecumenical Temple
  3833 | Temple   | Became a worshipper of Xom of Chaos
  3884 | D:5      | Entered Level 5 of the Dungeon
  4097 | D:5      | Found a glowing golden altar of the Shining One.
  4097 | D:5      | Found an ancient bone altar of Kikubaaqudgha.
  4097 | D:5      | Found a burning altar of Makhleb.
  4157 | D:5      | XOM: harmless Tloc miscast
  4158 | D:5      | Reached skill level 5 in Unarmed Combat
  4206 | D:5      | Found an iron altar of Okawaru.
  4282 | D:5      | XOM: potion effect (brilliance)
  4299 | D:5      | XOM: potion effect (brilliance)
  4309 | D:5      | Reached skill level 5 in Stealth
  4599 | D:5      | Reached XP level 8. HP: 52/54 MP: 12/12
  4709 | D:6      | XOM: harmless Pois miscast
  4718 | D:6      | Noticed Pikel
  4730 | D:6      | XOM: divination: detect creatures
  4732 | D:6      | XOM: summons 8 friendly demons
  4734 | D:6      | Killed Pikel
  4734 | D:6      | Reached skill level 7 in Unarmed Combat
  4761 | D:6      | XOM: potion effect (agility)
  4776 | D:6      | XOM: smoke on damage
  4840 | D:6      | XOM: scenery: 1 doors open
  4843 | D:6      | XOM: confuse monster(s)
  4852 | D:6      | XOM: fog
  4892 | D:6      | Reached skill level 5 in Fighting
  5056 | D:6      | Reached XP level 9. HP: 44/61 MP: 13/13
  5075 | D:6      | Noticed Prince Ribbit
  5083 | D:6      | Killed Prince Ribbit
  5083 | D:6      | Reached skill level 8 in Unarmed Combat
  5092 | D:6      | XOM: enchant monster (good)
  5124 | D:6      | XOM: cloud trail
  5216 | D:6      | XOM: scenery: 2 doors close
  5288 | D:6      | XOM: confuse monster(s)
  5569 | D:7      | Got a heavily runed wooden ring
  5570 | D:7      | Identified the ring "Yriyruth" {rPois MR+ Str+6 Int-2} (You found it on level 7 of the Dungeon)
  5574 | D:7      | XOM: summons friendly iron imp
  5631 | D:7      | XOM: 5-stop teleportation journey
  5838 | D:7      | Gained mutation: You are frail. (-10% HP) [potion of mutation]
  5838 | D:7      | Gained mutation: You are somewhat resistant to further mutation. [potion of mutation]
  5932 | D:7      | Reached skill level 9 in Unarmed Combat
  5979 | D:8      | Found a sparkling altar of Nemelex Xobeh.
  5986 | D:8      | XOM: summons 4 friendly demons
  6021 | D:8      | XOM: summons friendly quasit
  6024 | D:8      | Noticed a hill giant
  6024 | D:8      | XOM: enchant monster (good)
  6127 | D:8      | XOM: butterfly on damage
  6131 | D:8      | Lost mutation: You are frail. (-10% HP) [potion of cure mutation]
  6131 | D:8      | Lost mutation: You are somewhat resistant to further mutation. [potion of cure mutation]
  6139 | D:8      | Noticed Gastronok
  6147 | D:8      | HP: 2/62 [Gastronok/the air (8)]
  6527 | D:9      | Found a hide-covered altar of Uskayaw.
  6604 | D:9      | Noticed a troll
  6606 | D:9      | XOM: blink monster(s)
  6617 | D:9      | Killed a troll
  6620 | D:9      | Reached skill level 5 in Dodging
  6721 | D:9      | Found a shimmering altar of Xom.
  6753 | D:9      | Noticed a troll
  6764 | D:9      | Killed a troll
  6764 | D:9      | Reached XP level 10. HP: 17/68 MP: 14/14
  6985 | D:9      | Found a staircase to the Lair.
  7008 | D:9      | XOM: mild Tloc miscast
  7056 | D:9      | XOM: mild Divn miscast
  7115 | D:9      | XOM: divination: magic mapping
  7196 | D:9      | XOM: noise
  7501 | D:8      | XOM: harmless Tmut miscast
  7504 | D:8      | XOM: potion effect (agility)
  7507 | D:8      | Killed a hill giant
  7507 | D:8      | Reached skill level 10 in Unarmed Combat
  7545 | D:8      | XOM: god gift: 23 arrows
  7625 | D:8      | Noticed a centaur warrior
  7640 | D:8      | Killed a centaur warrior
  7758 | D:8      | XOM: fog
  7945 | D:8      | XOM: enchant monster (good)
  7948 | D:8      | Killed Gastronok
  7948 | D:8      | Reached skill level 10 in Stealth
  7948 | D:8      | Reached skill level 11 in Unarmed Combat
  7948 | D:8      | Reached XP level 11. HP: 43/74 MP: 15/15
  7960 | D:8      | XOM: give mutations
  7960 | D:8      | Gained mutation: You are robust. (+10% HP) [Xom's grace]
  7960 | D:8      | Gained mutation: You are partially covered in iridescent scales. (AC +2) [Xom's grace]
  7960 | D:8      | Gained mutation: You are covered in fur. (AC +1) [Xom's grace]
  7960 | D:8      | Gained mutation: Your skin blends seamlessly with your surroundings (Stealth++). [Xom's grace]
  8137 | D:8      | XOM: give mutation
  8137 | D:8      | Gained mutation: Your flesh is cold resistant. (rC+) [Xom's grace]
  8149 | D:8      | XOM: 8-stop teleportation journey
  8211 | D:8      | Found a glowing silver altar of Zin.
  8231 | D:8      | XOM: mild Tmut miscast
  8303 | D:10     | Entered Level 10 of the Dungeon
  8423 | D:10     | XOM: cloud trail
  8479 | D:10     | Noticed a hill giant
  8487 | D:10     | XOM: summons 5 hostile demons
  8511 | D:10     | Noticed a fire dragon
  8511 | D:10     | Killed from afar by a fire dragon

Skill      XL: |  1  2  3  4  5  6  7  8  9 10 |
---------------+-------------------------------+-----
Unarmed Combat | 1 2 3 4 5 7 9 11 | 11.5
Stealth        | 1 2 3 4 5 6 8 10 | 10.5
Dodging        | 1 2 3 5 6 |  6.6
Fighting       | 4 5 6 |  6.8
Throwing       | |  0.2
Spellcasting   | |  3.0
Conjurations   | |  0.8
Charms         | |  1.0
Translocations | |  1.0
Air Magic      | |  0.8
Evocations     | |  2.1

Action                   |  1- 3 |  4- 6 |  7- 9 | 10-12 || total
-------------------------+-------+-------+-------+-------++-------
Melee: Unarmed           |    78 |   143 |   298 |   132 ||   651
       Constrict         |    22 |    39 |    63 |    19 ||   143
       Tentacles         |     6 |    31 |    59 |    25 ||   121
       Dagger            |     3 |       |       |       ||     3
       Punch             |       |     3 |     8 |    14 ||    25
Throw: Tomahawk          |       |       |     3 |       ||     3
 Cast: Shock             |       |    11 |     4 |       ||    15
Evoke: Wand              |       |       |     2 |       ||     2
  Use: Scroll            |     4 |     6 |     8 |     5 ||    23
       Potion            |       |       |     8 |       ||     8
 Stab: Sleeping          |     7 |     3 |     7 |    11 ||    28
       Confused          |       |       |     2 |       ||     2
       Distracted        |       |       |     3 |     2 ||     5
       Paralysed         |       |       |       |     3 ||     3
  Eat: Beef jerky        |     1 |     1 |       |       ||     2
       Bread ration      |       |     1 |     1 |       ||     2
       Meat ration       |       |       |     2 |     1 ||     3
Armor: Skin              |     5 |     8 |     7 |     2 ||    22
Dodge: Dodged            |    38 |   102 |   225 |    77 ||   442
